 Dungeon Crawl Stone Soup version 0.29.1-14-g9c671dbff4 (webtiles) character file.

Game seed: 13771858888895328225

9484 a11behringer the Cleaver (level 11, -18/89 HPs)
             Began as a Palentonga Berserker on Feb 14, 2023.
             Was a Priest of Trog.
             Shot with an arrow by a centaur warrior (19 damage)
             ... on level 9 of the Dungeon.
             The game lasted 00:25:04 (10472 turns).

a11behringer the Cleaver (Palentonga Berserker)    Turns: 10472, Time: 00:25:07

Health: -18/89     AC: 15    Str: 35    XL:     11   Next: 23%
Magic:  11/11      EV: 13    Int:  8    God:    Trog [***...]
Gold:   529        SH: 10    Dex: 13    Spells: 10/10 levels left

rFire   . . .      SeeInvis +   P - +6 trident (flame)
rCold   . . .      Faith    .   Q - +2 kite shield
rNeg    + . .      Spirit   .   L - +0 leather armour of Supple Strength {rN+ Str+9 Dex+3}
rPois   +          Reflect  .   I - +2 hat
rElec   .          Harm     .   c - +0 cloak
rCorr   .          Rampage  .   (no gloves)
Will    .....                   (no barding)
Stlth   +.........              (no amulet)
HPRegen 0.24/turn               M - +4 ring of evasion
MPRegen 0.12/turn               H - ring of poison resistance

@: curled up
A: large, rugged brown scales 3, see invisible, deformed body, roll 1, armoured
tail, reflexive curl
a: Rolling Charge, Renounce Religion, Berserk, Trog's Hand


You were on level 9 of the Dungeon.
You worshipped Trog.
Trog was most pleased with you.
You visited 1 branch of the dungeon, and saw 9 of its levels.
You also visited: Bailey.

You collected 529 gold pieces.

Inventory:

Hand Weapons
 a - a +0 hand axe
 l - a +0 sling
 n - a +0 broad axe
 D - a +1 war axe
 P - a +6 trident of flaming (weapon)
Missiles
 J - 3 throwing nets
Armour
 b - a +0 animal skin
 c - a +0 cloak (worn)
 j - a +3 ring mail of cold resistance
 w - a +0 plate armour
 x - a +0 helmet
 G - a +2 robe of willpower
 I - a +2 hat (worn)
 L - the +0 leather armour of Supple Strength (worn) {rN+ Str+9 Dex+3}
   (You found it on level 8 of the Dungeon)

   Str:       It affects your strength (+9).
   Dex:       It affects your dexterity (+3).
   rN:        It protects you from negative energy.
 Q - a +2 kite shield (worn)
 S - a +0 troll leather armour
Jewellery
 f - an amulet of magic regeneration
 q - a ring of positive energy
 H - a ring of poison resistance (right hand)
 M - a +4 ring of evasion (left hand)
Wands
 o - a wand of paralysis (6)
 r - a wand of flame (38)
 E - a wand of light (6)
Scrolls
 g - a scroll of magic mapping {unknown}
 i - 2 scrolls of enchant armour
 k - a scroll of noise
 u - 3 scrolls of teleportation
 y - 2 scrolls of fog
 K - 2 scrolls of blinking {unknown}
 N - a scroll of enchant weapon
Potions
 d - a potion of flight {unknown}
 e - 4 potions of heal wounds
 h - 3 potions of attraction
 m - 2 potions of magic {unknown}
 p - a potion of mutation {unknown}
 s - 3 potions of curing
 t - 2 potions of berserk rage {unknown}
 v - 2 potions of degeneration
 z - 2 potions of lignification
 A - a potion of haste {unknown}
 B - 2 potions of ambrosia {unknown}
 C - a potion of invisibility {unknown}
 F - 2 potions of resistance {unknown}
 O - a potion of cancellation {unknown}
 R - 2 potions of might {unknown}


   Skills:
 + Level 7.3 Fighting
 - Level 13.2(13.4) Axes
 * Level 3.3(8.5) Polearms
 + Level 5.8 Armour
 + Level 4.4 Dodging
 - Level 1.3 Stealth
 * Level 2.4 Shields


You had 10 spell levels left.
You didn't know any spells.
Your spell library was empty.

Dungeon Overview and Level Annotations

Branches:
Dungeon (9/15)             Temple (0/1) D:7          Bailey (visited)
   Lair: D:8-11         Orc: D:9-12

Altars:
Kikubaaqudgha
Makhleb
Qazlal
Ru
Uskayaw
Zin

Shops:
D:1 ?   D:8 =

Annotations:
D:7 1 transporter, Garenzo's ghost, novice DrFE


Innate Abilities, Weirdness & Mutations

You are completely covered in rugged brown scales. (AC +3, +7% HP)
You have supernaturally acute eyesight. (SInv)
Armour fits poorly on your strangely shaped body.
You can roll at nearby foes to attack.
You have a long armoured tail.
You curl defensively after being hit. (AC +7*)


Message History

The jumping spider pounces on you!
The jumping spider bites you but does no damage.
The web tears apart.
The jumping spider pounces on you.
You are caught in a web!
The jumping spider bites you but does no damage.
You struggle to detach yourself from the web.
The jumping spider leaps!
The purple ugly thing tail-slaps you!
The jumping spider leaps!
The web tears apart.
The boggart shouts!
You hear a howl!
You hear a shout!
The purple ugly thing tail-slaps you! The eight-headed hydra bites you.
You block the eight-headed hydra's attack.
The eight-headed hydra closely misses you.
The eight-headed hydra bites you.
The eight-headed hydra barely misses you.
The eight-headed hydra misses you. The eight-headed hydra bites you. x2
The boggart mumbles some strange words.
The boggart flickers and vanishes for a moment.
The jumping spider leaps!
You block the purple ugly thing's attack.
The centaur warrior wields a +0 vorpal longbow.
The centaur warrior shoots an arrow.
The arrow hits you!!
* * * LOW HITPOINT WARNING * * *
x2 The eight-headed hydra attacks as you move away!
The eight-headed hydra bites you.
* * * LOW HITPOINT WARNING * * *
The eight-headed hydra barely misses you.
The eight-headed hydra bites you but does no damage.
The eight-headed hydra misses you. The eight-headed hydra bites you.
* * * LOW HITPOINT WARNING * * *
The eight-headed hydra misses you.
The eight-headed hydra closely misses you. x2
The purple ugly thing attacks as you move away!
The purple ugly thing tail-slaps you!
* * * LOW HITPOINT WARNING * * *
You block the jumping spider's attack.
The jumping spider bites you but does no damage.
The centaur warrior wields a +0 shortbow.
The centaur warrior shoots an arrow.
The arrow hits you!!
You die...

#..# #..........
#..# #...#######
#..# #...#
...########...#
..............#
#######.>.....#
#.......########
#..............#
#..s@..........#
#..............#
#.cDu..........#
#..cyc.........#
#..............#
#...O..........#
#....l##..####.#
#.../g......# .#
#.####.####.# #


You could see an eight-headed hydra, a purple ugly thing, 3 centaur warriors, a
two-headed ogre, a basilisk, a hornet, a jumping spider and a boggart
(invisible).

Vanquished Creatures
  2 vault guards (Bailey)
  The ghost of wolfrpgdude the Covered, a novice MiFi of Okawaru (D:6)
  Psyche (D:8)
  2 trolls
  Prince Ribbit (D:5)
  Grinder (D:3)
  A blink frog (Bailey)
  Sigmund (D:3)
  9 yaks
  2 humans (Bailey)
  A wyvern (D:8)
  Eustachio (D:5)
  A steam dragon (D:7)
  Grum (D:8)
  Duvessa (D:5)
  4 water moccasins
  A sky beast (D:7)
  2 orc warriors
  An ice beast (D:6)
  4 black bears
  An ogre (D:6)
  2 wolves (D:8)
  3 centaurs
  A kobold brigand (D:8)
  12 bullfrogs
  A necrophage (D:6)
  A scorpion (D:6)
  A gnoll sergeant (D:8)
  3 wights (D:6)
  Dowan (D:5)
  6 killer bees (D:7)
  4 howler monkeys
  4 hounds (D:6)
  A jelly (D:7)
  A gnoll bouda (D:7)
  An orc priest (D:6)
  Crazy Yiuf (D:3)
  Jessica (D:2)
  6 iguanas
  Ijyb (D:3)
  Natasha (thrice) (D:4)
  3 orc wizards
  9 gnolls
  5 adders
  A shadow imp (D:7)
  A white imp (D:8)
  A worm (D:2)
  4 dart slugs
  18 orcs
  5 ball pythons
  10 endoplasms
  5 giant cockroaches
  13 goblins
  8 hobgoblins
  7 jackals
  11 kobolds
  4 quokkas
  3 bats
  4 frilled lizards
  2 rats
207 creatures vanquished.

Vanquished Creatures (others)
  2 fungi (D:3)
  7 plants (D:1)
9 creatures vanquished.

Grand Total: 216 creatures vanquished

Notes
Turn   | Place    | Note
-------+----------+-------------------------------------------
     0 | D:1      | a11behringer the Palentonga Berserker began the quest for
                  | the Orb.
     0 | D:1      | Reached XP level 1. HP: 19/19 MP: 1/1
   157 | D:1      | Reached XP level 2. HP: 25/25 MP: 2/2
   512 | D:1      | Found a faded altar of an unknown god.
   547 | D:1      | Found Ucycheni's Magic Scroll Emporium.
   591 | D:1      | Reached XP level 3. HP: 25/31 MP: 3/3
  1295 | D:2      | Reached skill level 4 in Axes
  1580 | D:2      | Reached ** piety under Trog
  1748 | D:2      | Noticed Jessica
  1750 | D:2      | Reached XP level 4. HP: 31/39 MP: 4/4
  1753 | D:2      | Killed Jessica
  2265 | D:3      | Noticed Grinder
  2267 | D:3      | Reached XP level 5. HP: 26/44 MP: 5/5
  2283 | D:3      | Killed Grinder
  2284 | D:3      | Reached skill level 5 in Axes
  2284 | D:3      | Reached XP level 6. HP: 26/51 MP: 6/6
  2479 | D:3      | Reached skill level 6 in Axes
  2518 | D:3      | Noticed Ijyb
  2536 | D:3      | Killed Ijyb
  2585 | D:3      | Noticed Sigmund
  2591 | D:3      | Killed Sigmund
  2592 | D:3      | Gained mutation: You curl defensively after being hit. (AC
                  | +7*) [Palentonga growth]
  2592 | D:3      | Reached XP level 7. HP: 57/57 MP: 7/7
  2616 | D:3      | Found a hide-covered altar of Uskayaw.
  2754 | D:3      | Identified the +8 dagger of Eternal Vigilance {vamp, rF++
                  | Str+3 Dex-4}
  2764 | D:3      | Found an ancient bone altar of Kikubaaqudgha.
  2894 | D:3      | Found a runed translucent door.
  2895 | D:3      | Noticed Crazy Yiuf
  2902 | D:3      | Killed Crazy Yiuf
  3380 | D:4      | Reached skill level 7 in Axes
  3514 | D:4      | Noticed Natasha
  3523 | D:4      | Killed Natasha
  3625 | D:4      | Noticed Natasha
  3631 | D:4      | Killed Natasha
  3666 | D:4      | Noticed Natasha
  3679 | D:4      | Killed Natasha
  3766 | D:5      | Entered Level 5 of the Dungeon
  3809 | D:5      | Noticed Prince Ribbit
  3834 | D:5      | Killed Prince Ribbit
  3939 | D:5      | Reached XP level 8. HP: 59/65 MP: 8/8
  4071 | D:5      | Found a burning altar of Makhleb.
  4158 | D:5      | Reached skill level 8 in Axes
  4508 | D:5      | Noticed Eustachio
  4538 | D:5      | Killed Eustachio
  4651 | D:5      | Noticed Duvessa
  4652 | D:5      | Noticed Dowan
  4662 | D:5      | Killed Duvessa
  4676 | D:5      | Killed Dowan
  5048 | D:6      | Reached skill level 1 in Stealth
  5050 | D:6      | Reached skill level 5 in Fighting
  5050 | D:6      | Reached skill level 9 in Axes
  5607 | D:6      | Reached *** piety under Trog
  5608 | D:6      | Reached XP level 9. HP: 65/72 MP: 9/9
  5800 | D:6      | Found a glowing silver altar of Zin.
  5860 | D:6      | Found a large runed translucent door.
  5860 | D:6      | Found a large runed translucent door.
  5886 | D:6      | Reached skill level 10 in Axes
  6042 | D:6      | Found a sacrificial altar of Ru.
  6267 | D:6      | Noticed wolfrpgdude's ghost (novice MiFi)
  6347 | D:6      | Found a stormy altar of Qazlal.
  6537 | D:7      | Noticed Garenzo's ghost (novice DrFE)
  6537 | D:7      | Identified the +2 dire flail "Puirrat" {flame, rF+ Dex+8}
  6538 | D:7      | Found a transporter.
  6589 | D:7      | Found a staircase to the Ecumenical Temple.
  6702 | D:7      | Found a flagged portal.
  6708 | Bailey   | Entered a bailey
  6762 | Bailey   | Reached skill level 11 in Axes
  7046 | Bailey   | Noticed a vault guard
  7061 | Bailey   | Reached XP level 10. HP: 32/81 MP: 10/10
  7064 | Bailey   | Killed a vault guard
  7065 | Bailey   | Reached skill level 12 in Axes
  7065 | Bailey   | Reached skill level 5 in Armour
  7096 | Bailey   | Noticed a vault guard
  7120 | Bailey   | Killed a vault guard
  8384 | D:6      | Killed wolfrpgdude's ghost
  8638 | D:8      | Reached skill level 13 in Axes
  8650 | D:8      | Identified the +0 leather armour of Supple Strength {rN+
                  | Str+9 Dex+3}
  8692 | D:8      | Found Caituiwk's Jewellery Shop.
  8722 | D:8      | Noticed Grum
  8737 | D:8      | Killed Grum
  8968 | D:8      | Reached skill level 1 in Polearms
  8968 | D:8      | Reached skill level 1 in Shields
  8973 | D:8      | Reached XP level 11. HP: 66/89 MP: 11/11
  8984 | D:8      | Noticed Psyche
  8994 | D:8      | Killed Psyche
 10461 | D:9      | Noticed a purple ugly thing
 10462 | D:9      | Noticed an eight-headed hydra
 10462 | D:9      | Noticed a two-headed ogre
 10462 | D:9      | Noticed a tengu warrior
 10463 | D:9      | Noticed a boulder beetle
 10463 | D:9      | Noticed a centaur warrior
 10463 | D:9      | Noticed a centaur warrior
 10463 | D:9      | Noticed a centaur warrior
 10472 | D:9      | HP: 1/89 [purple ugly thing (10)]
 10472 | D:9      | Shot with an arrow by a centaur warrior

Illustrated notes

Levels and vault maps discovered:
D:1:      dpeg_arrival_rooms_a, layout_rooms,
          hellmonk_ecumenical_altar_inner_sanctum, serial_shops, shop,
          serial_bayou_lake_a
D:2:      layout_loops_corners, serial_forest, infiniplex_forest_fountain,
          infiniplex_forest_zigzag_1, infiniplex_forest_lined_room_,
          infiniplex_forest_pool, infiniplex_forest_clump_tiny,
          infiniplex_forest_clump_double, infiniplex_forest_clump_long,
          infiniplex_forest_straight_2, infiniplex_forest_lined_2,
          infiniplex_forest_straight_4, st_stairs_11, uniq_jessica
D:3:      layout_rooms, nicolae_uskayaw_suspiria, mainiacjoe_overflow_boulevard,
          uniq_grinder, uniq_ijyb, uniq_sigmund, uniq_crazy_yiuf_cottage
D:4:      layout_rooms, uniq_natasha
D:5:      layout_basic, mainiacjoe_overflow_cross_hatched, uniq_duvessa,
          uniq_eustachio, uniq_prince_ribbit1
D:6:      layout_basic, nicolae_qazlal_eye_of_the_storm,
          mainiacjoe_overflow_paths, hangedman_ru_absence,
          ebering_ghost_disaster_area, grunt_ministairs_7,
          kennysheep_generic_room_13
D:7:      layout_loops_ring, minmay_temple_entry_statues_fountains,
          gammafunk_ghost_smash, enter_bailey_3
D:8:      layout_loops_ring, serial_shops, shop, uniq_psyche, uniq_grum
D:9:      layout_small_grid, lemuel_crystal_altar,
          nicolae_gozag_cash_rules_everything_around_me, lair_entry_dummy,
          orc_0_dummy, gammafunk_ghost_abyssal_escape, minivault_28

Skill      XL: |  1  2  3  4  5  6  7  8  9 10 11 |
---------------+----------------------------------+-----
Axes           | 4 5 6 7 9 11 13 | 13.2
Fighting       | 4 5 6 7 |  7.3
Armour         | 2 3 4 5 |  5.8
Dodging        | 2 3 4 |  4.4
Stealth        | 1 |  1.3
Polearms       | 1 3 |  3.3
Shields        | 1 2 |  2.4

Action                   |  1- 3 |  4- 6 |  7- 9 | 10-12 || total
-------------------------+-------+-------+-------+-------++-------
Melee: Hand axe          |    91 |    81 |   121 |       ||   293
       Tailslap          |     5 |     6 |    38 |    19 ||    68
       Punch             |     3 |     1 |     5 |       ||     9
       War axe           |       |       |   259 |    93 ||   352
       Trident           |       |       |       |    90 ||    90
Invok: Berserk           |     1 |     2 |     4 |     6 ||    13
       Trog's Hand       |       |     2 |     5 |     4 ||    11
 Abil: Rolling Charge    |       |       |       |     1 ||     1
  Use: Scroll            |       |       |     8 |     4 ||    12
       Potion            |       |       |     1 |     2 ||     3
 Stab: Sleeping          |       |       |       |     1 ||     1
Armor: Animal skin       |    36 |       |       |       ||    36
       Ring mail         |     6 |    40 |   236 |    50 ||   332
       Leather armour    |       |       |       |    26 ||    26
Dodge: Dodged            |    47 |    35 |   223 |   101 ||   406
Block: Kite shield       |       |       |       |    50 ||    50
